 Dungeon Crawl Stone Soup version 0.19.0-16-g73b5abf (webtiles) character file.

41 dysrexia the Sneak (level 3, 0/31 HPs)
             Began as a Naga Wanderer on Nov 10, 2016.
             Slain by an adder (4 damage)
             ... on level 2 of the Dungeon.
             The game lasted 00:05:41 (1703 turns).

dysrexia the Sneak (Naga Wanderer)                  Turns: 1703, Time: 00:05:42

Health: 0/31       AC:  3    Str: 14    XL:     3   Next: 52%
Magic:  3/3        EV:  8    Int: 13    God:
Gold:   83         SH:  0    Dex: 10    Spells: 0 memorised, 2 levels left

rFire  . . .     SeeInvis +     h - +0 spear
rCold  . . .     Gourm    .     k - +0 ring mail
rNeg   . . .     Faith    .     (no shield)
rPois  +         Spirit   .     (no helmet)
rElec  .         Reflect  .     (no cloak)
rCorr  .         Harm     .     (no gloves)
MR     .....                    (no barding)
Stlth  ++........               (no amulet)
                                (no ring)
                                (no ring)

@: lethally poisoned (0 -> -2), very slow
A: see invisible, deformed body, poison resistance, slowness 2, slow metabolism
1, spit poison 1, AC +1
a: Spit Poison


You were on level 2 of the Dungeon.
You were not hungry.

You visited 1 branch of the dungeon, and saw 2 of its levels.

You collected 83 gold pieces.

Inventory:

Hand Weapons
 b - a +2 blowgun
 f - a +0 dagger
 h - a +0 spear (weapon)
Missiles
 a - a curare-tipped needle
Armour
 e - a +0 robe
 k - a +0 ring mail (worn)
 o - a +0 shield
 r - a +0 buckler
Jewellery
 j - an uncursed ring of flight {unknown}
 p - an uncursed ring of wizardry {unknown}
Scrolls
 d - 3 scrolls of teleportation
 l - 2 scrolls of identify
Potions
 i - 2 potions of cancellation
 q - a potion of ambrosia
 t - a potion of heal wounds
Books
 c - Sif Muna's Catalogue of the Snowflakes

   Spells                             Type                      Level
   a - Throw Frost                    Conjuration/Ice              2
   b - Ensorcelled Hibernation        Hexes/Ice                    2
Comestibles
 g - 2 bread rations
 m - 2 meat rations
 s - a beef jerky


   Skills:
 - Level 1.0 Fighting
 * Level 3.0(3.3) Polearms
   Level 2.0(2.8) Staves
 - Level 1.0 Throwing
 - Level 4.4 Stealth
   Level 3.0 Summonings


You had 2 spell levels left.
You didn't know any spells.

Dungeon Overview and Level Annotations

Branches:
Dungeon (2/15)

Altars:


Innate Abilities, Weirdness & Mutations

You cannot wear boots.
Your serpentine skin is tough. (AC +1)
You have supernaturally acute eyesight. (SInv)
Armour fits poorly on your strangely shaped body.
Your system is resistant to poisons. (rPois)
You cover ground very slowly.
You have a slow metabolism.
You can spit poison.


Message History

Press: ? - help, Dir - move target cursor, f/p - adder
Aim: an adder (heavily wounded)
You hit the adder.
The adder is severely wounded.
You feel sick. The adder bites you.
* * * LOW HITPOINT WARNING * * *
Attack whom?
Press: ? - help, Dir - move target cursor, f/p - adder
Aim: an adder (severely wounded)
You barely miss the adder.
The adder is severely wounded.
The adder bites you.
* * * LOW HITPOINT WARNING * * *
Attack whom?
Press: ? - help, Dir - move target cursor, f/p - adder
Aim: an adder (severely wounded)
You miss the adder.
The adder is severely wounded.
The adder bites you.
You die...

.# # .### #. ...
#.###.# #.....#
###.### #.# #.#
#@# ##### #S#
#...#########.#
####.#...........#
.......#########>#
.###..###### #.#
ยง# #........ .#.
.###..####.# # ..
<.....# (..


You could see an adder.

Vanquished Creatures
  2 adders (D:2)
  2 leopard geckos (D:1)
  4 giant cockroaches
  3 goblins
  3 hobgoblins
  3 kobolds
  2 frilled lizards (D:1)
  A rat (D:2)
20 creatures vanquished.

Notes
Turn   | Place    | Note
-------+----------+-------------------------------------------
     0 | D:1      | dysrexia the Naga Wanderer began the quest for the Orb.
     0 | D:1      | dysrexia set off with: a curare-tipped needle, a +2 blowgun, Sif Muna's Catalogue of the Snowflakes, a scroll of teleportation, a +0 robe, a +0 dagger, a bread ration
     0 | D:1      | Reached XP level 1. HP: 18/18 MP: 1/1
    11 | D:1      | Identified Sif Muna's Catalogue of the Snowflakes
   359 | D:1      | Reached skill level 1 in Polearms
   651 | D:1      | Reached XP level 2. HP: 24/25 MP: 2/2
  1592 | D:2      | Reached XP level 3. HP: 14/31 MP: 3/3
  1703 | D:2      | Slain by an adder

Skill      XL: |  1  2  3 |
---------------+----------+-----
Polearms       | 1 2 3 |  3.0
Fighting       | |  1.0
Staves         | |  2.0
Throwing       | |  1.0
Stealth        | |  4.4
Summonings     | |  3.0

Action                   || total
-------------------------++-------
Melee: Spear             ||   109
 Abil: Spit Poison       ||     1
  Use: Scroll            ||     5
 Stab: Sleeping          ||     3
       Distracted        ||     1
  Eat: Chunk             ||     1
Armor: Robe              ||     3
       Ring mail         ||    15
Dodge: Dodged            ||    41
